 Dungeon Crawl Stone Soup version 0.24.0-37-gcf1ca852f1 (webtiles) character file.

Game seed: 2159490072617614138, levelgen mode: deterministic

1612 Descartes the Sneak (level 8, -8/36 HPs)
             Began as a Felid Warper on Nov 27, 2019.
             Killed from afar by an electric eel (9 damage)
             ... with a bolt of electricity
             ... on level 8 of the Dungeon on Nov 29, 2019.
             The game lasted 00:32:49 (11979 turns).

Descartes the Sneak (Felid Warper)                 Turns: 11979, Time: 00:32:49

Health: -8/36      AC:  2    Str:  9    XL:     8   Next: 63%
Magic:  0/15       EV: 27    Int: 15    God:
Gold:   368        SH:  0    Dex: 15    Spells: 8/15 levels left
                                        Lives:  0   Deaths: 2

rFire    + . .     SeeInvis +     - Unarmed
rCold    . . .     Gourm    .   (shield unavailable)
rNeg     . . .     Faith    .   (armour unavailable)
rPois    .         Spirit   +   (helmet unavailable)
rElec    .         Reflect  .   (cloak unavailable)
rCorr    .         Harm     .   (gloves unavailable)
MR       +....                  (boots unavailable)
Stlth    ++++......             h - amulet of guardian spirit
HPRegen  0.12/turn              l - +5 ring of evasion
MPRegen  0.14/turn              s - ring of protection from fire

@: quick
A: very small, no armour, no weapons or thrown items, stealth, claws 1, fangs 3,
see invisible, carnivore, speed 1, shaggy fur 2, slow metabolism 1, sharp paws
a: no special abilities


You were on level 8 of the Dungeon.
You were completely stuffed.

You visited 2 branches of the dungeon, and saw 9 of its levels.
You also visited: Ossuary.

You collected 368 gold pieces.

Inventory:

Missiles
 e - 141 stones
 p - 20 arrows
Jewellery
 h - an amulet of guardian spirit (around neck)
 l - a +5 ring of evasion (left paw)
 s - a ring of protection from fire (right paw)
Wands
 m - a wand of acid (9)
 v - a wand of polymorph (20)
Scrolls
 a - 5 scrolls of remove curse
 b - 3 scrolls of blinking
 d - 2 scrolls of fear
 g - 4 scrolls of teleportation
 n - 2 scrolls of magic mapping
 o - 6 scrolls of immolation
 w - 3 scrolls of identify
Potions
 f - a potion of haste {unknown}
 i - a potion of flight {unknown}
 j - a potion of lignification {unknown}
 k - 3 potions of magic
 q - 2 potions of agility {unknown}
 r - a potion of experience {unknown}
 t - 7 potions of curing
 u - a potion of mutation {unknown}
 x - 2 potions of invisibility {unknown}
 z - a potion of ambrosia {unknown}
Comestibles
 c - 11 rations
 A - a chunk of flesh


   Skills:
 + Level 4.8 Fighting
 + Level 6.6 Dodging
 + Level 7.5 Stealth
 * Level 6.7 Unarmed Combat
 + Level 4.1 Spellcasting
 + Level 2.1 Charms
 + Level 5.8 Translocations
 + Level 3.7 Evocations


You had 8 spell levels left.
You knew the following spells:

 Your Spells              Type           Power        Failure   Level  Hunger
a - Blink                 Tloc           N/A          2%          2    ##.....
b - Shroud of Golubria    Chrm/Tloc      ###...       5%          2    ##.....
c - Teleport Other        Tloc           ###.....     4%          3    ###....

Your spell library contained the following spells:

 Spells                   Type           Power        Failure   Level  Hunger
 Gell's Gravitas          Tloc           ###.......   4%          3    ###....
 Lesser Beckoning         Tloc           ###.......   4%          3    ###....
 Passage of Golubria      Tloc           N/A          16%         4    ####...
 Summon Small Mammal      Summ           #...         19%         1    None
 Call Imp                 Summ           #.......     26%         2    ##.....
 Call Canine Familiar     Summ           #.......     47%         3    ###....
 Summon Guardian Golem    Hex/Summ       #.......     47%         3    ###....
 Summon Ice Beast         Ice/Summ       #.......     87%         4    ####...
 Summon Lightning Spire   Summ/Air       #.......     87%         4    ####...


Dungeon Overview and Level Annotations

Branches:
Dungeon (8/15)             Temple (1/1) D:6         Ossuary (visited)
   Lair: D:8-11

Altars:
Ashenzari
Cheibriados
Dithmenos
Elyvilon
Fedhas
Gozag
Hepliaklqana
Kikubaaqudgha
Makhleb
Nemelex Xobeh
Okawaru
Qazlal
Ru
Sif Muna
Trog
Uskayaw
Vehumet
Wu Jian
Xom
Yredelemnul
Zin
The Shining One

Shops:
D:6 (

Annotations:
D:3 3 runed translucent doors, duckybubbers's ghost, amateur TeCj
D:6 Eustachio


Innate Abilities, Weirdness & Mutations

You cannot wear armour.
You are incapable of wielding weapons or throwing items.
Your paws allow you to move quietly. (Stealth)
You have sharp claws.
You have razor-sharp teeth.
You have supernaturally acute eyesight. (SInv)
You are carnivorous and can eat meat at any time.
You cover ground quickly.
You are covered in thick fur. (AC +2)
You have a slow metabolism.
Your sharp claws are effective at attacking unaware monsters.


Message History

The bolt of electricity misses you.
You barely miss the electric eel.
The electric eel is almost dead.
The hound stops to sniff the water.
A phantom comes into view.
The electric eel shoots out a bolt of lightning at you!
The bolt of electricity hits you!
The electric eel shoots out a bolt of lightning at you!
The bolt of electricity hits you!
* * * LOW HITPOINT WARNING * * *
The electric eel shoots out a bolt of lightning at you!
The bolt of electricity hits you!
* * * LOW HITPOINT WARNING * * *
The electric eel shoots out a bolt of lightning at you!
The bolt of electricity misses you.
You hear a howl!
There is a stone staircase leading up here.
The electric eel shoots out a bolt of lightning at you!
The bolt of electricity hits you!
You die...

.≈≈≈≈.≈.≈.≈≈≈≈≈#
....≈≈hh;≈≈≈h≈≈≈#
....≈≈≈≈W≈≈≈≈....
..≈≈≈≈≈.≈≈≈≈≈.≈..
.......≈≈≈≈≈≈....
..≈..≈.≈.≈..≈≈..#
.........;....≈.#
................)
........@#.###...
.........#.#
.#....###..#
#..## #...# ...
....# .. .....# .
....... .......#.
........###


You could see a phantom, a wolf, 2 hounds and 2 electric eels.

Vanquished Creatures
  A hippogriff (D:6)
  An ice beast (D:7)
  A sky beast (D:7)
  3 black bears
  A phantom (D:3)
  A necrophage (D:5)
  2 ogres
  3 bullfrogs
  3 howler monkeys
  An electric eel (D:8)
  A crimson imp (D:4)
  5 hounds
  A centaur zombie (Ossuary)
  A centaur skeleton (D:8)
  A human zombie (Ossuary)
  4 orc priests
  2 bullfrog skeletons
  A jelly (D:5)
  6 orc wizards
  An iguana (D:6)
  4 worker ants
  A big kobold zombie (Ossuary)
  3 mummies (Ossuary)
  A gnoll (D:1)
  6 adders
  2 shadow imps
  An ooze (D:5)
  2 worms (D:2)
  2 dart slugs
  7 leopard geckos
  34 orcs
  2 ball pythons
  A giant cockroach (D:2)
  5 goblins
  5 hobgoblins
  5 jackals
  9 kobolds
  5 quokkas
  3 bats
  5 frilled lizards
  2 gnoll zombies (Ossuary)
  2 hobgoblin zombies (Ossuary)
  An orc zombie (Ossuary)
  A quokka zombie (D:4)
  4 rats
153 creatures vanquished.

Notes
Turn   | Place    | Note
-------+----------+-------------------------------------------
     0 | D:1      | Descartes the Felid Warper began the quest for the Orb.
     0 | D:1      | Reached XP level 1. HP: 9/9 MP: 4/4
    69 | D:1      | Reached skill level 1 in Stealth
    69 | D:1      | Reached XP level 2. HP: 2/13 MP: 6/6
   756 | D:1      | Reached skill level 2 in Stealth
  1156 | D:1      | Learned a level 2 spell: Blink
  1159 | D:1      | Learned a level 2 spell: Shroud of Golubria
  1297 | D:1      | Reached XP level 3. HP: 16/16 MP: 7/7
  2253 | D:2      | Reached XP level 4. HP: 20/20 MP: 6/8
  2464 | D:3      | Found a runed translucent gate.
  2464 | D:3      | Found a runed translucent gate.
  2465 | D:3      | Found a runed translucent gate.
  2469 | D:3      | Noticed duckybubbers's ghost (amateur TeCj)
  2524 | D:2      | Reached skill level 3 in Stealth
  2750 | D:3      | Reached skill level 1 in Charms
  2934 | D:3      | Reached XP level 5. HP: 23/23 MP: 6/9
  3015 | D:3      | Learned a level 3 spell: Teleport Other
  3160 | D:3      | Found a burning altar of Makhleb.
  3239 | D:3      | HP: 1/23 [poisoned by an adder]
  3242 | D:3      | Succumbed to an adder's poison
  3243 | D:3      | Reached XP level 4. HP: 0/20 MP: 2/8
  3615 | D:3      | Found a bloodstained altar of Trog.
  4675 | D:4      | Reached XP level 5. HP: 12/23 MP: 4/10
  4867 | D:4      | Reached skill level 4 in Stealth
  4867 | D:4      | Reached skill level 5 in Translocations
  4951 | D:4      | Found a shattered altar of Ashenzari.
  5317 | D:4      | Noticed a phantom
  5387 | D:3      | Killed a phantom
  5387 | D:3      | Gained mutation: You are covered in thick fur. (AC +2)
                  | [Felid growth]
  5387 | D:3      | Reached XP level 6. HP: 10/27 MP: 5/11
  5715 | D:4      | Found a shimmering altar of Xom.
  6094 | D:4      | Reached skill level 5 in Stealth
  6261 | D:5      | Entered Level 5 of the Dungeon
  6407 | D:5      | Found a glowing golden altar of the Shining One.
  6463 | D:5      | Reached XP level 7. HP: 17/31 MP: 6/12
  6792 | D:4      | Reached skill level 1 in Evocations
  7432 | D:5      | Reached skill level 6 in Stealth
  7440 | D:5      | Reached skill level 5 in Dodging
  7557 | D:5      | Reached skill level 5 in Unarmed Combat
  7817 | D:6      | Found Deisaikk's Weapon Shop.
  7966 | D:6      | Reached XP level 8. HP: 28/36 MP: 9/14
  8236 | D:6      | Found a staircase to the Ecumenical Temple.
  8254 | Temple   | Entered the Ecumenical Temple
  8561 | D:6      | Noticed Eustachio
  9188 | D:6      | Found a white marble altar of Elyvilon.
  9188 | D:6      | Found a sacrificial altar of Ru.
  9189 | D:6      | Found a blossoming altar of Fedhas.
  9204 | D:7      | Noticed a hippogriff
  9251 | D:7      | Found a sand-covered staircase.
  9258 | Ossuary  | Entered an ossuary
  9565 | D:6      | Slain by a hippogriff
  9566 | D:6      | Reached XP level 7. HP: -1/32 MP: 0/13
  9584 | D:6      | Found Deisaikk's Weapon Shop.
  9675 | D:6      | Killed a hippogriff
  9679 | D:6      | Found a white marble altar of Elyvilon.
  9679 | D:6      | Found a sacrificial altar of Ru.
  9698 | D:6      | Found a blossoming altar of Fedhas.
 10204 | D:6      | Found a staircase to the Ecumenical Temple.
 10798 | D:7      | Reached skill level 7 in Stealth
 10798 | D:7      | Reached XP level 8. HP: 6/36 MP: 2/15
 11978 | D:8      | HP: 1/36 [electric eel/bolt of electricity (5)]
 11979 | D:8      | Killed from afar by an electric eel

Levels and vault maps discovered:
D:1:      dpeg_arrival_three_bigger_balls, layout_basic
D:2:      minmay_wonky_spiral, layout_rooms
D:3:      layout_loops_ring, bloody_makhleb, lightli_temple_of_fire,
          ebering_ghost_rock_garden, st_stairs_9, serial_park_tiny_pond
D:4:      layout_gridville, lemuel_doored_altar, tgw_xom
D:5:      layout_basic, tso_oasis_becter, first_ration,
          chequers_serial_rivers_room_b, minmay_misc_feat_chi
D:6:      layout_loops_ring, gammafunk_temple_overflow_claw,
          minmay_temple_entry_large_hall, serial_shops, nicolae_shop_crystal,
          uniq_eustachio
D:7:      layout_rooms, chequers_ossuary_entry_cave
D:8:      layout_cave_pools, erik_lair_island, basic_altar
Temple:   eino_temple_lava

Skill      XL: |  1  2  3  4  5  6  7  8 |
---------------+-------------------------+-----
Stealth        | 1 2 3 4 5 7 |  7.5
Unarmed Combat | 3 4 6 |  6.7
Charms         | 1 2 |  2.1
Dodging        | 4 6 |  6.6
Translocations | 5 |  5.8
Fighting       | 3 4 |  4.8
Spellcasting   | 3 4 |  4.1
Evocations     | 3 |  3.7

Action                   |  1- 3 |  4- 6 |  7- 9 || total
-------------------------+-------+-------+-------++-------
Melee: Unarmed           |   136 |   289 |   379 ||   804
       Bite              |     8 |    21 |    22 ||    51
       Punch             |     1 |     8 |     7 ||    16
 Cast: Shroud of Golubri |    11 |    20 |    27 ||    58
       Blink             |       |       |     4 ||     4
  Use: Scroll            |       |     2 |     9 ||    11
       Potion            |       |       |     2 ||     2
 Stab: Sleeping          |     5 |     6 |    10 ||    21
       Distracted        |       |     1 |     1 ||     2
  Eat: Chunk             |    11 |    15 |    17 ||    43
Armor: Skin              |     5 |     6 |    20 ||    31
Dodge: Dodged            |    88 |   262 |   494 ||   844
